Demolitions vs Monarchs
Created - April 2, 2021 at 20:55
Goals
|
| Demolitions |
2 |
2 |
5 |
9 |
| Monarchs |
0 |
2 |
2 |
4 |
|
Shots
|
| Demolitions |
5 |
13 |
20 |
38 |
| Monarchs |
14 |
12 |
7 |
33 |
|
1st period
1. Demolitions , Dennis Everberg 25 (Brendan Gaunce 36, Joshua Leivo 22) at 1:36
2. Demolitions , Brendan Gaunce 24 (Dennis Everberg 35, Phil McRae 56) at 14:51
Penalties :
Nicholas Baptiste (Vic) for Slashing (Minor) at 5:56, Brendan Gaunce (Vic) for Hooking (Minor) at 9:54
2nd period
3. Demolitions , Christoph Bertschy 17 (Nicholas Baptiste 22, Colton Gillies 15) at 5:49
4. Monarchs , Josh Manson 6 (Lars Eller 1, Mark Stone 7) at 6:44
5. Monarchs , Mikko Rantanen 28 (Griffin Reinhart 29, Mark Stone 8) at 11:12 (PP)
6. Demolitions , Andrej Nestrasil 20 (Seth Helgeson 17) at 13:26
Penalties :
Colton Gillies (Vic) for Hooking (Minor) at 10:23, Alex Iafallo (MAN) for Delaying the game (Minor) at 13:44
3rd period
7. Demolitions , Brandon Saad 56 (Andrej Nestrasil 37) at 0:20
8. Monarchs , Mark Stone 16 (Zach Werenski 47, Daultan Leveillé 43) at 1:47 (PP)
9. Monarchs , Mark Stone 17 (Zach Werenski 48, Alex Iafallo 31) at 3:19
10. Demolitions , Christoph Bertschy 18 (Dennis Everberg 36, Brendan Gaunce 37) at 7:52 (PP)
11. Demolitions , Dennis Everberg 26 (Brendan Gaunce 38) at 10:28
12. Demolitions , Denis Gurianov 14 (Andrej Nestrasil 38, Brandon Saad 43) at 10:36
13. Demolitions , Joshua Leivo 22 (Tommy Vannelli 12, Alexandar Georgiev) at 19:10
Penalties :
Denis Gurianov (Vic) for Holding (Minor) at 1:17, Griffin Reinhart (MAN) for Roughing (Minor) at 4:14, Ryan Hartman (MAN) for Roughing (Minor) at 7:00, Colton Gillies (Vic) for Roughing (Minor) at 14:45
Goalie Stats
Alexandar Georgiev (Vic), 29 saves from 33 shots - (0.879), W, 22-15-7, 60:00 minutes
Jake Allen (MAN), 17 saves from 22 shots - (0.773), L, 15-9-1, 26:34 minutes
Elvis Merzlikins (MAN), 12 saves from 16 shots - (0.750), 33:26 minutes
Players Stats for Demolitions
Player Name G A P +/- PIM S H SB GA TA FO MP PP MP PK MP
------------------------------------------------------------------------------------
Andrej Nestrasil 1 2 3 3 0 4 1 0 0 0 13/36 24:59 2:40 2:12
Andrew Mangiapane 0 0 0 0 0 0 0 0 0 0 0/0 0:40 0:00 0:36
Brandon Saad 1 1 2 3 0 5 2 1 1 0 3/6 23:04 2:40 4:20
Brendan Gaunce 1 3 4 3 2 2 2 0 0 0 7/12 16:23 2:10 0:12
Christoph Bertschy 2 0 2 0 0 7 1 0 0 1 3/7 16:44 2:10 1:08
Colton Gillies 0 1 1 0 4 4 1 1 1 0 0/0 13:16 0:00 0:00
Denis Gurianov 1 0 1 3 2 3 2 1 0 2 1/2 22:48 2:40 3:52
Dennis Everberg 2 2 4 3 0 5 3 0 1 0 1/5 17:28 2:10 2:12
Joshua Leivo 1 1 2 0 0 1 0 0 1 0 0/0 5:21 0:00 0:00
Juuso Riikola 0 0 0 1 0 0 3 1 0 1 0/0 17:32 0:00 3:19
Michael Ferland 0 0 0 0 0 0 1 0 0 0 0/0 5:21 0:00 0:00
Nicholas Baptiste 0 1 1 0 2 0 1 0 0 0 0/0 13:22 0:00 0:00
Oliver Kylington 0 0 0 1 0 3 0 0 0 0 0/0 18:56 3:24 3:19
Phil McRae 0 1 1 3 0 0 2 0 0 0 0/0 13:13 0:00 0:00
Seth Helgeson 0 1 1 3 0 0 4 2 0 0 0/0 26:19 1:26 3:57
Taylor Aronson 0 0 0 2 0 2 0 2 0 0 0/0 16:50 1:26 0:00
Tommy Vannelli 0 1 1 1 0 0 0 0 0 0 0/0 11:29 0:00 0:00
Wiley Sherman 0 0 0 4 0 2 0 1 1 1 0/0 28:54 3:24 3:57
Players Stats for Monarchs
Player Name G A P +/- PIM S H SB GA TA FO MP PP MP PK MP
------------------------------------------------------------------------------------
Alex Iafallo 0 1 1 0 2 1 0 0 1 1 1/1 16:35 3:07 0:00
Brendan Lemieux 0 0 0 -3 0 4 1 0 1 0 0/0 18:06 3:47 0:36
Daultan Leveillé 0 1 1 -2 0 2 2 0 0 0 11/21 17:44 3:17 1:04
Derek Forbort 0 0 0 -1 0 0 0 0 0 0 0/0 8:12 0:00 1:44
Dmitri Orlov 0 0 0 -3 0 0 0 2 0 0 0/0 14:01 2:19 1:44
Griffin Reinhart 0 1 1 -2 2 0 3 1 0 0 0/0 21:20 4:57 0:00
Jonathan Drouin 0 0 0 -2 0 3 0 0 0 1 5/7 17:14 3:54 0:00
Jordan Greenway 0 0 0 -1 0 2 0 0 0 0 0/0 7:35 0:00 0:12
Josh Anderson 0 0 0 -1 0 0 0 0 0 0 0/0 7:32 0:05 0:00
Josh Manson 1 0 1 -2 0 3 3 0 0 0 0/0 20:01 0:00 3:06
Kurtis Macdermid 0 0 0 -1 0 0 0 0 0 0 0/0 6:09 0:00 0:00
Lars Eller 0 1 1 0 0 3 0 1 1 0 7/13 13:34 0:00 0:09
Mark Stone 2 2 4 0 0 2 2 0 0 1 0/0 16:36 3:07 0:00
Matt Roy 0 0 0 -3 0 0 0 1 0 1 0/0 9:13 0:49 0:00
Mike Amadio 0 0 0 -3 0 0 2 0 0 0 6/13 17:27 0:22 3:27
Mikko Rantanen 1 0 1 -2 0 4 1 2 0 0 0/1 17:14 3:54 0:00
Nikita Zadorov 0 0 0 0 0 3 0 2 0 0 0/0 22:03 2:19 3:06
Ryan Hartman 0 0 0 -3 2 1 1 0 0 0 1/1 14:45 0:15 0:49
Sergey Kalinin 0 0 0 -1 0 3 0 2 2 1 9/11 10:46 0:00 3:23
Zach Werenski 0 2 2 0 0 2 0 2 0 0 0/0 19:00 4:08 0:00
3 Stars
1 - Dennis Everberg (Vic)
2 - Brendan Gaunce (Vic)
3 - Andrej Nestrasil (Vic)
Power Play
Demolitions - 1 on 3 Attempt(s) - 33.33%
Monarchs - 2 on 5 Attempt(s) - 40.00%
Penalty Kill
Demolitions - 3 on 5 Attempt(s) - 60.00%
- Score 0 goal in Penalty Kill
Monarchs - 2 on 3 Attempt(s) - 66.67%
- Score 0 goal in Penalty Kill
Team Stat
Demolitions - Hits : 23 - Faceoff Wins : 28 - Blocked Shots : 9 - Penalty Minutes : 10
Monarchs - Hits : 15 - Faceoff Wins : 40 - Blocked Shots : 13 - Penalty Minutes : 6
Official
Referees : Unknown
Linesman : Unknown
Game Notes
Jake Allen enters game at 13:26 of 2nd period
Finance
Level 1 -- Attendance: 2000 (100.00%) -- Ticket Income $50,000
Level 2 -- Attendance: 1000 (100.00%) -- Ticket Income $10,000
Total Attendance: 3000 (100.00%)
Total Ticket Income: $60,000
Other Income: $3,000
Total Income: $63,000
Demolitions
5 vs 5 Forward
Center Left Wing Right Wing Time % Phy DF OF
1 Andrej Nestrasil Brandon Saad Denis Gurianov 40 1 2 2
2 Brendan Gaunce Phil McRae Dennis Everberg 30 1 2 2
3 Christoph Bertschy Colton Gillies Nicholas Baptiste 20 1 2 2
4 Andrej Nestrasil Michael Ferland Joshua Leivo 10 1 2 2
5 vs 5 Defense
Defense Defense Time % Phy DF OF
1 Seth Helgeson Wiley Sherman 40 1 2 2
2 Taylor Aronson Juuso Riikola 30 1 2 2
3 Tommy Vannelli Oliver Kylington 20 1 2 2
4 Oliver Kylington Wiley Sherman 10 1 2 2
PowerPlay Forward
Center Left Wing Right Wing Time % Phy DF OF
1 Andrej Nestrasil Brandon Saad Denis Gurianov 60 1 2 2
2 Dennis Everberg Christoph Bertschy Brendan Gaunce 40 1 2 2
PowerPlay Defense
Defense Defense Time % Phy DF OF
1 Oliver Kylington Wiley Sherman 60 1 2 2
2 Seth Helgeson Taylor Aronson 40 1 2 2
Penalty Kill 4 Players Forward
Center Wing Time % Phy DF OF
1 Brandon Saad Denis Gurianov 60 1 2 2
2 Dennis Everberg Andrej Nestrasil 40 1 2 2
Penalty Kill 4 Players Defense
Defense Defense Time % Phy DF OF
1 Seth Helgeson Wiley Sherman 60 1 2 2
2 Oliver Kylington Juuso Riikola 40 1 2 2
Penalty Kill - 3 Players Forward
Forward Time % Phy DF OF
1 Brandon Saad 60 1 2 2
2 Andrej Nestrasil 40 1 2 2
Penalty Kill - 3 Players Defense
Defense Defense Time % Phy DF OF
1 Oliver Kylington Wiley Sherman 60 1 2 2
2 Tommy Vannelli Seth Helgeson 40 1 2 2
4 vs 4 Forward
Center Wing Time % Phy DF OF
1 Brandon Saad Brendan Gaunce 60 1 2 2
2 Dennis Everberg Andrej Nestrasil 40 1 2 2
4 vs 4 Defense
Defense Defense Time % Phy DF OF
1 Tommy Vannelli Wiley Sherman 60 1 2 2
2 Seth Helgeson Oliver Kylington 40 1 2 2
Last Minutes Offensive
Center Left Wing Right Wing Defense Defense
Andrej Nestrasil Brandon Saad Dennis Everberg Seth Helgeson Wiley Sherman
Last Minutes Defensive
Center Left Wing Right Wing Defense Defense
Andrej Nestrasil Brandon Saad Dennis Everberg Seth Helgeson Wiley Sherman
Goaltenders
Starting : Alexandar Georgiev
Backup : Thatcher Demko
Extra Forwards
Normal : Denis Gurianov, Brendan Gaunce, Christoph Bertschy - PP : Denis Gurianov, Brendan Gaunce - PK : Christoph Bertschy
Extra Defensemen
Normal : Wiley Sherman, Oliver Kylington, Tommy Vannelli - PP : Wiley Sherman - PK : Oliver Kylington, Tommy Vannelli
Penalty Shots
Brandon Saad, Brendan Gaunce, Dennis Everberg, Denis Gurianov, Andrej Nestrasil
Scratches
Alex Hutchings (Healthy), Taylor Beck (Right Forearm Injury), Thomas DiPauli (Healthy), J.T. Brown (Healthy), Mitch Callahan (Healthy)
Jeremy Roy (Healthy), Tyler Graovac (Healthy), Taylor Leier (Healthy), Nikita Tryamkin (Strained Right Elbow Injury), Jared Staal (Healthy)
Michael Prapavessis (Healthy), Jaedon Descheneau (Healthy), Aaron Haydon (Healthy), Jake Paterson (Healthy)
Monarchs
5 vs 5 Forward
Center Left Wing Right Wing Time % Phy DF OF
1 Daultan Leveillé Jonathan Drouin Mikko Rantanen 30 1 2 2
2 Lars Eller Alex Iafallo Mark Stone 30 1 2 2
3 Mike Amadio Brendan Lemieux Ryan Hartman 30 1 2 2
4 Sergey Kalinin Jordan Greenway Josh Anderson 10 1 2 2
5 vs 5 Defense
Defense Defense Time % Phy DF OF
1 Griffin Reinhart Josh Manson 35 1 2 2
2 Nikita Zadorov Zach Werenski 35 1 2 2
3 Dmitri Orlov Matt Roy 20 1 2 2
4 Kurtis Macdermid Derek Forbort 10 2 2 1
PowerPlay Forward
Center Left Wing Right Wing Time % Phy DF OF
1 Jonathan Drouin Brendan Lemieux Mikko Rantanen 60 1 2 2
2 Daultan Leveillé Alex Iafallo Mark Stone 40 1 2 2
PowerPlay Defense
Defense Defense Time % Phy DF OF
1 Griffin Reinhart Zach Werenski 60 1 2 2
2 Dmitri Orlov Nikita Zadorov 40 1 2 2
Penalty Kill 4 Players Forward
Center Wing Time % Phy DF OF
1 Sergey Kalinin Mike Amadio 60 1 2 2
2 Daultan Leveillé Ryan Hartman 40 1 2 2
Penalty Kill 4 Players Defense
Defense Defense Time % Phy DF OF
1 Nikita Zadorov Josh Manson 60 1 2 2
2 Derek Forbort Dmitri Orlov 40 1 2 2
Penalty Kill - 3 Players Forward
Forward Time % Phy DF OF
1 Sergey Kalinin 60 1 2 2
2 Daultan Leveillé 40 1 2 2
Penalty Kill - 3 Players Defense
Defense Defense Time % Phy DF OF
1 Josh Manson Nikita Zadorov 60 1 2 2
2 Derek Forbort Dmitri Orlov 40 1 2 2
4 vs 4 Forward
Center Wing Time % Phy DF OF
1 Mark Stone Jonathan Drouin 60 1 2 2
2 Mikko Rantanen Ryan Hartman 40 1 2 2
4 vs 4 Defense
Defense Defense Time % Phy DF OF
1 Nikita Zadorov Zach Werenski 60 1 2 2
2 Josh Manson Griffin Reinhart 40 1 2 2
Last Minutes Offensive
Center Left Wing Right Wing Defense Defense
Daultan Leveillé Jonathan Drouin Mikko Rantanen Griffin Reinhart Zach Werenski
Last Minutes Defensive
Center Left Wing Right Wing Defense Defense
Daultan Leveillé Brendan Lemieux Ryan Hartman Nikita Zadorov Josh Manson
Goaltenders
Starting : Elvis Merzlikins
Backup : Jake Allen
Extra Forwards
Normal : Mikko Rantanen, Ryan Hartman, Mark Stone - PP : Mike Amadio, Ryan Hartman - PK : Brendan Lemieux
Extra Defensemen
Normal : Zach Werenski, Josh Manson, Nikita Zadorov - PP : Matt Roy - PK : Zach Werenski, Griffin Reinhart
Penalty Shots
Lars Eller, Mikko Rantanen, Mark Stone, Daultan Leveillé, Ryan Hartman
Scratches
Jordan Weal (Healthy), Blake Lizotte (Healthy), Bokondji Imama (Healthy), Joel Vermin (Healthy), Cal Petersen (Healthy)
% Time on Ice - Demolitions
Lines # - Real PCT - Wanted PCT - Time Play
Normal Forward
1 - 34% - 40% - 16:11
2 - 27% - 30% - 13:06
3 - 28% - 20% - 13:16
4 - 11% - 10% - 5:21
Normal Defense
1 - 41% - 40% - 19:34
2 - 34% - 30% - 16:20
3 - 20% - 20% - 9:23
4 - 5% - 10% - 2:37
PP Forward
1 - 55% - 60% - 2:40
2 - 45% - 40% - 2:10
PP Defense
1 - 70% - 60% - 3:24
2 - 30% - 40% - 1:26
PK Forward
1 - 70% - 60% - 5:04
2 - 30% - 40% - 2:12
PK Defense
1 - 54% - 60% - 3:57
2 - 46% - 40% - 3:19
PK3 Forward
1 - 0% - 60%
2 - 0% - 40%
PK3 Defense
1 - 0% - 60%
2 - 0% - 40%
44 Forward
1 - 0% - 60%
2 - 0% - 40%
44 Defense
1 - 0% - 60%
2 - 0% - 40%
Last Minute Offensive - 0:00
Last Minute Defensive - 0:00
Total
Forward - 60:00
Defense - 60:00
|
% Time on Ice - Monarchs
Lines # - Real PCT - Wanted PCT - Time Play
Normal Forward
1 - 28% - 30% - 13:24
2 - 28% - 30% - 13:29
3 - 28% - 30% - 13:38
4 - 15% - 10% - 7:23
Normal Defense
1 - 35% - 35% - 16:55
2 - 34% - 35% - 16:26
3 - 18% - 20% - 8:24
4 - 13% - 10% - 6:09
PP Forward
1 - 55% - 60% - 3:59
2 - 45% - 40% - 3:17
PP Defense
1 - 68% - 60% - 4:57
2 - 32% - 40% - 2:19
PK Forward
1 - 78% - 60% - 3:46
2 - 22% - 40% - 1:04
PK Defense
1 - 64% - 60% - 3:06
2 - 36% - 40% - 1:44
PK3 Forward
1 - 0% - 60%
2 - 0% - 40%
PK3 Defense
1 - 0% - 60%
2 - 0% - 40%
44 Forward
1 - 0% - 60%
2 - 0% - 40%
44 Defense
1 - 0% - 60%
2 - 0% - 40%
Last Minute Offensive - 0:00
Last Minute Defensive - 0:00
Total
Forward - 60:00
Defense - 60:00
|
Play-by-Play
1st period
0:01 of 1st period - Andrej Nestrasil wins face-off versus Daultan Leveillé in neutral zone.
0:14 of 1st period - Snap shot by Jonathan Drouin.
0:14 of 1st period - Stopped by Alexandar Georgiev with a rebound.
0:16 of 1st period - Slapshot by Mikko Rantanen.
0:16 of 1st period - Shot Misses the Net.
0:58 of 1st period - Snap shot by Colton Gillies.
0:58 of 1st period - Stopped by Elvis Merzlikins without a rebound.
0:59 of 1st period - Sergey Kalinin wins face-off versus Andrej Nestrasil in Monarchs zone.
1:06 of 1st period - Slapshot by Dmitri Orlov.
1:06 of 1st period - Shot Misses the Net.
1:08 of 1st period - Wrist shot by Sergey Kalinin.
1:08 of 1st period - Shot Misses the Net.
1:10 of 1st period - Slapshot by Sergey Kalinin.
1:10 of 1st period - Stopped by Alexandar Georgiev with a rebound.
1:12 of 1st period - Slapshot by Jordan Greenway.
1:12 of 1st period - Stopped by Alexandar Georgiev with a rebound.
1:36 of 1st period - Wrist shot by Dennis Everberg.
1:36 of 1st period - Goal by Dennis Everberg - Demolitions : 1 - Monarchs : 0.
1:37 of 1st period - Jonathan Drouin wins face-off versus Andrej Nestrasil in neutral zone.
3:11 of 1st period - Snap shot by Colton Gillies.
3:11 of 1st period - Shot Blocked by Mikko Rantanen.
3:42 of 1st period - Zach Werenski is hit by Brandon Saad.
3:46 of 1st period - Juuso Riikola is hit by Mark Stone.
4:36 of 1st period - Wrist shot by Ryan Hartman.
4:36 of 1st period - Stopped by Alexandar Georgiev with a rebound.
4:38 of 1st period - Slapshot by Derek Forbort.
4:38 of 1st period - Shot Blocked by Seth Helgeson.
4:40 of 1st period - Wrist shot by Mike Amadio.
4:40 of 1st period - Shot Hit the Post.
5:05 of 1st period - Off-side.
5:06 of 1st period - Lars Eller wins face-off versus Christoph Bertschy in neutral zone.
5:25 of 1st period - Nikita Zadorov is hit by Juuso Riikola.
5:44 of 1st period - Snap shot by Colton Gillies.
5:44 of 1st period - Shot Blocked by Zach Werenski.
5:56 of 1st period - Minor Penalty to Nicholas Baptiste for Slashing.
5:57 of 1st period - Jonathan Drouin wins face-off versus Brandon Saad in Demolitions zone.
5:57 of 1st period - Wrist shot by Mikko Rantanen.
5:57 of 1st period - Shot Misses the Net.
7:20 of 1st period - Slapshot by Wiley Sherman.
7:20 of 1st period - Shot Blocked by Zach Werenski.
7:56 of 1st period - Penalty to Nicholas Baptiste is over, Nicholas Baptiste is back on ice.
8:12 of 1st period - Wrist shot by Andrej Nestrasil.
8:12 of 1st period - Stopped by Elvis Merzlikins with a rebound.
8:19 of 1st period - Icing by Sergey Kalinin.
8:20 of 1st period - Sergey Kalinin wins face-off versus Brendan Gaunce in Monarchs zone.
8:20 of 1st period - Sergey Kalinin is hit by Juuso Riikola.
8:52 of 1st period - Wrist shot by Christoph Bertschy.
8:52 of 1st period - Stopped by Elvis Merzlikins with a rebound.
8:58 of 1st period - Colton Gillies is hit by Josh Manson and loses puck.
9:19 of 1st period - Slapshot by Jordan Greenway.
9:19 of 1st period - Stopped by Alexandar Georgiev without a rebound.
9:20 of 1st period - Mike Amadio wins face-off versus Andrej Nestrasil in Demolitions zone.
9:33 of 1st period - Snap shot by Andrej Nestrasil.
9:33 of 1st period - Shot Misses the Net.
9:35 of 1st period - Slapshot by Wiley Sherman.
9:35 of 1st period - Shot Misses the Net.
9:49 of 1st period - Off-side.
9:50 of 1st period - Daultan Leveillé wins face-off versus Brendan Gaunce in neutral zone.
9:54 of 1st period - Minor Penalty to Brendan Gaunce for Hooking.
9:55 of 1st period - Jonathan Drouin wins face-off versus Brandon Saad in Demolitions zone.
9:55 of 1st period - Snap shot by Mikko Rantanen.
9:55 of 1st period - Shot Blocked by Brandon Saad.
10:09 of 1st period - Wiley Sherman is hit by Brendan Lemieux and loses puck.
11:06 of 1st period - Off-side.
11:07 of 1st period - Alex Iafallo wins face-off versus Dennis Everberg in neutral zone.
11:54 of 1st period - Penalty to Brendan Gaunce is over, Brendan Gaunce is back on ice.
12:42 of 1st period - Daultan Leveillé is hit by Colton Gillies and loses puck.
13:17 of 1st period - Griffin Reinhart is hit by Seth Helgeson and loses puck.
13:26 of 1st period - Slapshot by Griffin Reinhart.
13:26 of 1st period - Shot Blocked by Seth Helgeson.
13:36 of 1st period - Lars Eller is hit by Brandon Saad and loses puck.
14:24 of 1st period - Off-side.
14:25 of 1st period - Sergey Kalinin wins face-off versus Andrej Nestrasil in neutral zone.
14:35 of 1st period - Off-side.
14:36 of 1st period - Brendan Gaunce wins face-off versus Daultan Leveillé in neutral zone.
14:51 of 1st period - Wrist shot by Brendan Gaunce.
14:51 of 1st period - Goal by Brendan Gaunce - Demolitions : 2 - Monarchs : 0.
14:52 of 1st period - Brandon Saad wins face-off versus Daultan Leveillé in neutral zone.
14:59 of 1st period - Slapshot by Zach Werenski.
14:59 of 1st period - Shot Misses the Net.
15:01 of 1st period - Wrist shot by Daultan Leveillé.
15:01 of 1st period - Stopped by Alexandar Georgiev with a rebound.
15:03 of 1st period - Wrist shot by Nikita Zadorov.
15:03 of 1st period - Stopped by Alexandar Georgiev with a rebound.
15:57 of 1st period - Wrist shot by Brandon Saad.
15:57 of 1st period - Shot Misses the Net.
16:05 of 1st period - Slapshot by Mark Stone.
16:05 of 1st period - Shot Misses the Net.
16:07 of 1st period - Slapshot by Mark Stone.
16:07 of 1st period - Shot Misses the Net.
16:09 of 1st period - Snap shot by Alex Iafallo.
16:09 of 1st period - Stopped by Alexandar Georgiev with a rebound.
16:11 of 1st period - Slapshot by Zach Werenski.
16:11 of 1st period - Shot Misses the Net.
16:13 of 1st period - Slapshot by Zach Werenski.
16:13 of 1st period - Stopped by Alexandar Georgiev without a rebound.
16:14 of 1st period - Mike Amadio wins face-off versus Dennis Everberg in Demolitions zone.
16:39 of 1st period - Oliver Kylington is hit by Josh Manson and loses puck.
16:48 of 1st period - Snap shot by Mikko Rantanen.
16:48 of 1st period - Shot Misses the Net.
17:53 of 1st period - Wiley Sherman is hit by Griffin Reinhart and loses puck.
18:28 of 1st period - Ryan Hartman is hit by Michael Ferland and loses puck.
18:47 of 1st period - Wrist shot by Mikko Rantanen.
18:47 of 1st period - Stopped by Alexandar Georgiev with a rebound.
19:13 of 1st period - Slapshot by Lars Eller.
19:13 of 1st period - Shot Blocked by Taylor Aronson.
19:15 of 1st period - Snap shot by Lars Eller.
19:15 of 1st period - Shot Misses the Net.
19:17 of 1st period - Slapshot by Griffin Reinhart.
19:17 of 1st period - Shot Misses the Net.
19:37 of 1st period - Backhand shot by Daultan Leveillé.
19:37 of 1st period - Shot Misses the Net.
19:39 of 1st period - Slapshot by Josh Manson.
19:39 of 1st period - Stopped by Alexandar Georgiev without a rebound.
19:40 of 1st period - Daultan Leveillé wins face-off versus Andrej Nestrasil in Demolitions zone.
19:45 of 1st period - Slapshot by Jonathan Drouin.
19:45 of 1st period - Shot Misses the Net.
19:47 of 1st period - Slapshot by Daultan Leveillé.
19:47 of 1st period - Stopped by Alexandar Georgiev without a rebound.
19:48 of 1st period - Christoph Bertschy wins face-off versus Mike Amadio in Demolitions zone.
19:57 of 1st period - Wrist shot by Zach Werenski.
19:57 of 1st period - Stopped by Alexandar Georgiev with a rebound.
19:59 of 1st period - Snap shot by Nikita Zadorov.
19:59 of 1st period - Stopped by Alexandar Georgiev with a rebound.
Goals for this period are 2 for Demolitions vs 0 for Monarchs .
Shots for this period are 5 for Demolitions vs 14 for Monarchs .
2nd period
0:01 of 2nd period - Andrej Nestrasil wins face-off versus Mike Amadio in neutral zone.
1:48 of 2nd period - Snap shot by Mikko Rantanen.
1:48 of 2nd period - Shot Blocked by Wiley Sherman.
1:50 of 2nd period - Slapshot by Nikita Zadorov.
1:50 of 2nd period - Shot Misses the Net.
1:52 of 2nd period - Slapshot by Nikita Zadorov.
1:52 of 2nd period - Deflect By Phil McRae.
1:52 of 2nd period - Stopped by Alexandar Georgiev without a rebound.
1:53 of 2nd period - Daultan Leveillé wins face-off versus Andrej Nestrasil in Demolitions zone.
1:56 of 2nd period - Snap shot by Jonathan Drouin.
1:56 of 2nd period - Stopped by Alexandar Georgiev without a rebound.
1:57 of 2nd period - Daultan Leveillé wins face-off versus Andrej Nestrasil in Demolitions zone.
2:35 of 2nd period - Wrist shot by Brandon Saad.
2:35 of 2nd period - Stopped by Elvis Merzlikins with a rebound.
2:37 of 2nd period - Wrist shot by Denis Gurianov.
2:37 of 2nd period - Shot Misses the Net.
2:47 of 2nd period - Slapshot by Brandon Saad.
2:47 of 2nd period - Shot Misses the Net.
2:55 of 2nd period - Snap shot by Denis Gurianov.
2:55 of 2nd period - Stopped by Elvis Merzlikins without a rebound.
2:56 of 2nd period - Mike Amadio wins face-off versus Brendan Gaunce in Monarchs zone.
3:15 of 2nd period - Nikita Zadorov is hit by Dennis Everberg and loses puck.
3:30 of 2nd period - Wrist shot by Colton Gillies.
3:30 of 2nd period - Stopped by Elvis Merzlikins without a rebound.
3:31 of 2nd period - Christoph Bertschy wins face-off versus Jonathan Drouin in Monarchs zone.
3:38 of 2nd period - Wrist shot by Colton Gillies.
3:38 of 2nd period - Stopped by Elvis Merzlikins with a rebound.
3:40 of 2nd period - Slapshot by Oliver Kylington.
3:40 of 2nd period - Deflect By Griffin Reinhart.
3:40 of 2nd period - Stopped by Elvis Merzlikins with a rebound.
3:42 of 2nd period - Wrist shot by Oliver Kylington.
3:42 of 2nd period - Shot Blocked by Mikko Rantanen.
3:44 of 2nd period - Slapshot by Colton Gillies.
3:44 of 2nd period - Shot Misses the Net.
3:46 of 2nd period - Snap shot by Wiley Sherman.
3:46 of 2nd period - Stopped by Elvis Merzlikins with a rebound.
4:21 of 2nd period - Slapshot by Griffin Reinhart.
4:21 of 2nd period - Shot Misses the Net.
4:48 of 2nd period - Off-side.
4:49 of 2nd period - Daultan Leveillé wins face-off versus Christoph Bertschy in neutral zone.
5:02 of 2nd period - Christoph Bertschy is hit by Mikko Rantanen and loses puck.
5:15 of 2nd period - Wrist shot by Christoph Bertschy.
5:15 of 2nd period - Stopped by Elvis Merzlikins with a rebound.
5:17 of 2nd period - Snap shot by Colton Gillies.
5:17 of 2nd period - Shot Misses the Net.
5:19 of 2nd period - Snap shot by Colton Gillies.
5:19 of 2nd period - Stopped by Elvis Merzlikins with a rebound.
5:21 of 2nd period - Slapshot by Oliver Kylington.
5:21 of 2nd period - Shot Blocked by Dmitri Orlov.
5:33 of 2nd period - Wrist shot by Christoph Bertschy.
5:33 of 2nd period - Shot Blocked by Dmitri Orlov.
5:35 of 2nd period - Snap shot by Seth Helgeson.
5:35 of 2nd period - Shot Blocked by Matt Roy.
5:49 of 2nd period - Slapshot by Christoph Bertschy.
5:49 of 2nd period - Goal by Christoph Bertschy - Demolitions : 3 - Monarchs : 0.
5:50 of 2nd period - Lars Eller wins face-off versus Andrej Nestrasil in neutral zone.
5:59 of 2nd period - Snap shot by Lars Eller.
5:59 of 2nd period - Stopped by Alexandar Georgiev without a rebound.
6:00 of 2nd period - Lars Eller wins face-off versus Andrej Nestrasil in Demolitions zone.
6:42 of 2nd period - Snap shot by Lars Eller.
6:42 of 2nd period - Stopped by Alexandar Georgiev with a rebound.
6:44 of 2nd period - Slapshot by Josh Manson.
6:44 of 2nd period - Goal by Josh Manson - Demolitions : 3 - Monarchs : 1.
6:45 of 2nd period - Jonathan Drouin wins face-off versus Brendan Gaunce in neutral zone.
6:54 of 2nd period - Snap shot by Jonathan Drouin.
6:54 of 2nd period - Deflect By Mikko Rantanen.
6:54 of 2nd period - Stopped by Alexandar Georgiev with a rebound.
6:56 of 2nd period - Wrist shot by Daultan Leveillé.
6:56 of 2nd period - Shot Misses the Net.
6:58 of 2nd period - Wrist shot by Mikko Rantanen.
6:58 of 2nd period - Shot Blocked by Juuso Riikola.
7:00 of 2nd period - Wrist shot by Daultan Leveillé.
7:00 of 2nd period - Shot Misses the Net.
7:10 of 2nd period - Brendan Lemieux is hit by Nicholas Baptiste and loses puck.
7:41 of 2nd period - Off-side.
7:42 of 2nd period - Brendan Gaunce wins face-off versus Daultan Leveillé in neutral zone.
7:52 of 2nd period - Snap shot by Brendan Gaunce.
7:52 of 2nd period - Stopped by Elvis Merzlikins without a rebound.
7:53 of 2nd period - Andrej Nestrasil wins face-off versus Daultan Leveillé in Monarchs zone.
8:09 of 2nd period - Griffin Reinhart is hit by Seth Helgeson and loses puck.
8:56 of 2nd period - Snap shot by Ryan Hartman.
8:56 of 2nd period - Shot Misses the Net.
8:58 of 2nd period - Wrist shot by Brendan Lemieux.
8:58 of 2nd period - Stopped by Alexandar Georgiev without a rebound.
8:59 of 2nd period - Daultan Leveillé wins face-off versus Christoph Bertschy in Demolitions zone.
9:24 of 2nd period - Zach Werenski is hit by Phil McRae and loses puck.
9:31 of 2nd period - Backhand shot by Dennis Everberg.
9:31 of 2nd period - Shot Misses the Net.
9:33 of 2nd period - Snap shot by Dennis Everberg.
9:33 of 2nd period - Shot Misses the Net.
9:35 of 2nd period - Slapshot by Dennis Everberg.
9:35 of 2nd period - Shot Misses the Net.
9:45 of 2nd period - Wrist shot by Brandon Saad.
9:45 of 2nd period - Shot Blocked by Nikita Zadorov.
10:11 of 2nd period - Snap shot by Mikko Rantanen.
10:11 of 2nd period - Stopped by Alexandar Georgiev with a rebound.
10:23 of 2nd period - Minor Penalty to Colton Gillies for Hooking.
10:24 of 2nd period - Jonathan Drouin wins face-off versus Brandon Saad in Demolitions zone.
10:32 of 2nd period - Wrist shot by Brendan Lemieux.
10:32 of 2nd period - Stopped by Alexandar Georgiev with a rebound.
11:12 of 2nd period - Slapshot by Griffin Reinhart.
11:12 of 2nd period - Deflect By Mikko Rantanen.
11:12 of 2nd period - Goal by Mikko Rantanen - Demolitions : 3 - Monarchs : 2.
11:13 of 2nd period - Mike Amadio wins face-off versus Dennis Everberg in neutral zone.
11:13 of 2nd period - Ryan Hartman is hit by Dennis Everberg and loses puck.
13:16 of 2nd period - Off-side.
13:17 of 2nd period - Andrej Nestrasil wins face-off versus Mike Amadio in neutral zone.
13:24 of 2nd period - Wrist shot by Andrej Nestrasil.
13:24 of 2nd period - Shot Misses the Net.
13:26 of 2nd period - Slapshot by Andrej Nestrasil.
13:26 of 2nd period - Goal by Andrej Nestrasil - Demolitions : 4 - Monarchs : 2.
13:26 of 2nd period - Jake Allen enters game.
13:27 of 2nd period - Daultan Leveillé wins face-off versus Andrej Nestrasil in neutral zone.
13:39 of 2nd period - Off-side.
13:40 of 2nd period - Andrej Nestrasil wins face-off versus Lars Eller in neutral zone.
13:44 of 2nd period - Minor Penalty to Alex Iafallo for Delaying the game.
13:45 of 2nd period - Sergey Kalinin wins face-off versus Andrej Nestrasil in Monarchs zone.
13:55 of 2nd period - Slapshot by Oliver Kylington.
13:55 of 2nd period - Shot Blocked by Nikita Zadorov.
13:57 of 2nd period - Wrist shot by Wiley Sherman.
13:57 of 2nd period - Stopped by Jake Allen without a rebound.
13:58 of 2nd period - Sergey Kalinin wins face-off versus Andrej Nestrasil in Monarchs zone.
13:58 of 2nd period - Sergey Kalinin is hit by Denis Gurianov.
14:34 of 2nd period - Backhand shot by Dennis Everberg.
14:34 of 2nd period - Stopped by Jake Allen without a rebound.
14:35 of 2nd period - Sergey Kalinin wins face-off versus Andrej Nestrasil in Monarchs zone.
14:44 of 2nd period - Sergey Kalinin is hit by Denis Gurianov and loses puck.
15:44 of 2nd period - Penalty to Alex Iafallo is over, Alex Iafallo is back on ice.
15:58 of 2nd period - Wrist shot by Colton Gillies.
15:58 of 2nd period - Shot Misses the Net.
17:16 of 2nd period - Joshua Leivo is hit by Mike Amadio and loses puck.
17:33 of 2nd period - Sergey Kalinin is hit by Brendan Gaunce and loses puck.
18:32 of 2nd period - Josh Anderson is hit by Seth Helgeson and loses puck.
18:49 of 2nd period - Matt Roy is hit by Andrej Nestrasil and loses puck.
19:35 of 2nd period - Nicholas Baptiste is hit by Ryan Hartman and loses puck.
19:48 of 2nd period - Slapshot by Nikita Zadorov.
19:48 of 2nd period - Deflect By Sergey Kalinin.
19:48 of 2nd period - Stopped by Alexandar Georgiev with a rebound.
19:56 of 2nd period - Snap shot by Sergey Kalinin.
19:56 of 2nd period - Stopped by Alexandar Georgiev without a rebound.
19:57 of 2nd period - Lars Eller wins face-off versus Denis Gurianov in Demolitions zone.
Goals for this period are 2 for Demolitions vs 2 for Monarchs .
Shots for this period are 13 for Demolitions vs 12 for Monarchs .
3rd period
0:01 of 3rd period - Mike Amadio wins face-off versus Andrej Nestrasil in neutral zone.
0:12 of 3rd period - Snap shot by Brandon Saad.
0:12 of 3rd period - Deflect By Denis Gurianov.
0:12 of 3rd period - Shot Hit the Post.
0:12 of 3rd period - Puck is out of play.
0:13 of 3rd period - Andrej Nestrasil wins face-off versus Lars Eller in Monarchs zone.
0:20 of 3rd period - Slapshot by Brandon Saad.
0:20 of 3rd period - Goal by Brandon Saad - Demolitions : 5 - Monarchs : 2.
0:21 of 3rd period - Andrej Nestrasil wins face-off versus Daultan Leveillé in neutral zone.
0:28 of 3rd period - Snap shot by Denis Gurianov.
0:28 of 3rd period - Stopped by Jake Allen with a rebound.
0:30 of 3rd period - Wrist shot by Brandon Saad.
0:30 of 3rd period - Stopped by Jake Allen with a rebound.
0:32 of 3rd period - Backhand shot by Andrej Nestrasil.
0:32 of 3rd period - Stopped by Jake Allen without a rebound.
0:33 of 3rd period - Lars Eller wins face-off versus Andrej Nestrasil in Monarchs zone.
0:33 of 3rd period - Lars Eller is hit by Seth Helgeson.
1:17 of 3rd period - Minor Penalty to Denis Gurianov for Holding.
1:18 of 3rd period - Brandon Saad wins face-off versus Mikko Rantanen in Demolitions zone.
1:47 of 3rd period - Wrist shot by Zach Werenski.
1:47 of 3rd period - Deflect By Mark Stone.
1:47 of 3rd period - Goal by Mark Stone - Demolitions : 5 - Monarchs : 3.
1:48 of 3rd period - Brendan Gaunce wins face-off versus Mike Amadio in neutral zone.
2:01 of 3rd period - Snap shot by Dennis Everberg.
2:01 of 3rd period - Shot Misses the Net.
2:03 of 3rd period - Snap shot by Dennis Everberg.
2:03 of 3rd period - Stopped by Jake Allen without a rebound.
2:04 of 3rd period - Andrej Nestrasil wins face-off versus Lars Eller in Monarchs zone.
2:15 of 3rd period - Snap shot by Brandon Saad.
2:15 of 3rd period - Stopped by Jake Allen with a rebound.
2:17 of 3rd period - Wrist shot by Denis Gurianov.
2:17 of 3rd period - Shot Misses the Net.
2:19 of 3rd period - Snap shot by Brandon Saad.
2:19 of 3rd period - Shot Blocked by Lars Eller.
2:26 of 3rd period - Icing by Griffin Reinhart.
2:27 of 3rd period - Ryan Hartman wins face-off versus Brendan Gaunce in Monarchs zone.
2:34 of 3rd period - Snap shot by Brendan Lemieux.
2:34 of 3rd period - Stopped by Alexandar Georgiev with a rebound.
3:06 of 3rd period - Denis Gurianov is hit by Daultan Leveillé and loses puck.
3:19 of 3rd period - Slapshot by Zach Werenski.
3:19 of 3rd period - Deflect By Mark Stone.
3:19 of 3rd period - Goal by Mark Stone - Demolitions : 5 - Monarchs : 4.
3:20 of 3rd period - Andrej Nestrasil wins face-off versus Mike Amadio in neutral zone.
3:43 of 3rd period - Icing by Wiley Sherman.
3:44 of 3rd period - Lars Eller wins face-off versus Andrej Nestrasil in Demolitions zone.
3:49 of 3rd period - Snap shot by Mark Stone.
3:49 of 3rd period - Deflect By Lars Eller.
3:49 of 3rd period - Shot Blocked by Denis Gurianov.
3:49 of 3rd period - Puck is out of play.
3:50 of 3rd period - Brendan Gaunce wins face-off versus Lars Eller in Demolitions zone.
3:50 of 3rd period - Brendan Gaunce is hit by Griffin Reinhart.
3:53 of 3rd period - Oliver Kylington is hit by Griffin Reinhart and loses puck.
4:14 of 3rd period - Minor Penalty to Griffin Reinhart for Roughing.
4:15 of 3rd period - Sergey Kalinin wins face-off versus Andrej Nestrasil in Monarchs zone.
4:52 of 3rd period - Snap shot by Oliver Kylington.
4:52 of 3rd period - Stopped by Jake Allen without a rebound.
4:53 of 3rd period - Daultan Leveillé wins face-off versus Andrej Nestrasil in Monarchs zone.
5:08 of 3rd period - Snap shot by Brandon Saad.
5:08 of 3rd period - Shot Blocked by Sergey Kalinin.
5:10 of 3rd period - Slapshot by Taylor Aronson.
5:10 of 3rd period - Stopped by Jake Allen with a rebound.
5:12 of 3rd period - Backhand shot by Seth Helgeson.
5:12 of 3rd period - Shot Blocked by Sergey Kalinin.
5:14 of 3rd period - Slapshot by Taylor Aronson.
5:14 of 3rd period - Stopped by Jake Allen without a rebound.
5:15 of 3rd period - Sergey Kalinin wins face-off versus Dennis Everberg in Monarchs zone.
5:26 of 3rd period - Slapshot by Wiley Sherman.
5:26 of 3rd period - Deflect By Dennis Everberg.
5:26 of 3rd period - Stopped by Jake Allen without a rebound.
5:27 of 3rd period - Andrej Nestrasil wins face-off versus Daultan Leveillé in Monarchs zone.
5:54 of 3rd period - Josh Manson is hit by Brendan Gaunce and loses puck.
6:14 of 3rd period - Penalty to Griffin Reinhart is over, Griffin Reinhart is back on ice.
6:29 of 3rd period - Snap shot by Mark Stone.
6:29 of 3rd period - Shot Blocked by Taylor Aronson.
7:00 of 3rd period - Minor Penalty to Ryan Hartman for Roughing.
7:01 of 3rd period - Andrej Nestrasil wins face-off versus Sergey Kalinin in Monarchs zone.
7:10 of 3rd period - Snap shot by Andrej Nestrasil.
7:10 of 3rd period - Stopped by Jake Allen without a rebound.
7:11 of 3rd period - Sergey Kalinin wins face-off versus Andrej Nestrasil in Monarchs zone.
7:43 of 3rd period - Off-side.
7:44 of 3rd period - Brendan Gaunce wins face-off versus Daultan Leveillé in neutral zone.
7:48 of 3rd period - Snap shot by Christoph Bertschy.
7:48 of 3rd period - Stopped by Jake Allen with a rebound.
7:50 of 3rd period - Wrist shot by Christoph Bertschy.
7:50 of 3rd period - Stopped by Jake Allen with a rebound.
7:52 of 3rd period - Slapshot by Christoph Bertschy.
7:52 of 3rd period - Goal by Christoph Bertschy - Demolitions : 6 - Monarchs : 4.
7:53 of 3rd period - Andrej Nestrasil wins face-off versus Mike Amadio in neutral zone.
8:45 of 3rd period - Wiley Sherman is hit by Mark Stone and loses puck.
9:03 of 3rd period - Wrist shot by Joshua Leivo.
9:03 of 3rd period - Shot Misses the Net.
9:05 of 3rd period - Slapshot by Wiley Sherman.
9:05 of 3rd period - Shot Misses the Net.
9:50 of 3rd period - Icing by Christoph Bertschy.
9:51 of 3rd period - Lars Eller wins face-off versus Christoph Bertschy in Demolitions zone.
9:54 of 3rd period - Wrist shot by Lars Eller.
9:54 of 3rd period - Stopped by Alexandar Georgiev with a rebound.
10:20 of 3rd period - Icing by Brendan Gaunce.
10:21 of 3rd period - Brendan Gaunce wins face-off versus Mike Amadio in Demolitions zone.
10:28 of 3rd period - Wrist shot by Dennis Everberg.
10:28 of 3rd period - Goal by Dennis Everberg - Demolitions : 7 - Monarchs : 4.
10:29 of 3rd period - Andrej Nestrasil wins face-off versus Daultan Leveillé in neutral zone.
10:32 of 3rd period - Backhand shot by Brandon Saad.
10:32 of 3rd period - Shot Blocked by Griffin Reinhart.
10:34 of 3rd period - Snap shot by Andrej Nestrasil.
10:34 of 3rd period - Shot Misses the Net.
10:36 of 3rd period - Snap shot by Denis Gurianov.
10:36 of 3rd period - Goal by Denis Gurianov - Demolitions : 8 - Monarchs : 4.
10:37 of 3rd period - Daultan Leveillé wins face-off versus Andrej Nestrasil in neutral zone.
10:40 of 3rd period - Wrist shot by Mikko Rantanen.
10:40 of 3rd period - Shot Misses the Net.
10:42 of 3rd period - Slapshot by Josh Manson.
10:42 of 3rd period - Deflect By Brandon Saad.
10:42 of 3rd period - Stopped by Alexandar Georgiev without a rebound.
10:43 of 3rd period - Daultan Leveillé wins face-off versus Andrej Nestrasil in Demolitions zone.
10:53 of 3rd period - Off-side.
10:54 of 3rd period - Mike Amadio wins face-off versus Andrej Nestrasil in neutral zone.
11:28 of 3rd period - Christoph Bertschy is hit by Mike Amadio and loses puck.
11:35 of 3rd period - Snap shot by Brendan Lemieux.
11:35 of 3rd period - Stopped by Alexandar Georgiev without a rebound.
11:36 of 3rd period - Daultan Leveillé wins face-off versus Andrej Nestrasil in Demolitions zone.
12:03 of 3rd period - Griffin Reinhart is hit by Juuso Riikola.
12:35 of 3rd period - Jordan Greenway is hit by Christoph Bertschy and loses puck.
13:36 of 3rd period - Slapshot by Christoph Bertschy.
13:36 of 3rd period - Stopped by Jake Allen without a rebound.
13:37 of 3rd period - Christoph Bertschy wins face-off versus Sergey Kalinin in Monarchs zone.
13:53 of 3rd period - Wrist shot by Colton Gillies.
13:53 of 3rd period - Deflect By Nicholas Baptiste.
13:53 of 3rd period - Shot Misses the Net.
13:53 of 3rd period - Puck is out of play.
13:54 of 3rd period - Denis Gurianov wins face-off versus Lars Eller in Monarchs zone.
13:55 of 3rd period - Snap shot by Brandon Saad.
13:55 of 3rd period - Stopped by Jake Allen with a rebound.
14:28 of 3rd period - Slapshot by Jonathan Drouin.
14:28 of 3rd period - Stopped by Alexandar Georgiev with a rebound.
14:45 of 3rd period - Minor Penalty to Colton Gillies for Roughing.
14:46 of 3rd period - Brandon Saad wins face-off versus Jonathan Drouin in Demolitions zone.
15:58 of 3rd period - Slapshot by Oliver Kylington.
15:58 of 3rd period - Stopped by Jake Allen without a rebound.
15:59 of 3rd period - Dennis Everberg wins face-off versus Daultan Leveillé in Monarchs zone.
16:45 of 3rd period - Penalty to Colton Gillies is over, Colton Gillies is back on ice.
17:02 of 3rd period - Sergey Kalinin is hit by Dennis Everberg and loses puck.
17:41 of 3rd period - Mikko Rantanen is hit by Phil McRae and loses puck.
18:39 of 3rd period - Wrist shot by Ryan Hartman.
18:39 of 3rd period - Shot Blocked by Colton Gillies.
18:53 of 3rd period - Andrej Nestrasil is hit by Daultan Leveillé and loses puck.
19:10 of 3rd period - Snap shot by Joshua Leivo.
19:10 of 3rd period - Goal by Joshua Leivo - Demolitions : 9 - Monarchs : 4.
19:11 of 3rd period - Brendan Gaunce wins face-off versus Lars Eller in neutral zone.
19:49 of 3rd period - Denis Gurianov is hit by Josh Manson and loses puck.
Goals for this period are 5 for Demolitions vs 2 for Monarchs .
Shots for this period are 20 for Demolitions vs 7 for Monarchs .